 Dungeon Crawl Stone Soup version 0.32-a0-928-g1cae6b7 (webtiles) character file.

Game seed: 6468988619080053910

57395 phantasmist the Hermetic (level 14, -3/108 HPs)
             Began as a Coglin Alchemist on Apr 12, 2024.
             Was a High Priest of Ashenzari.
             Killed from afar by an ice dragon (55 damage)
             ... with a blast of cold
             ... on level 4 of the Lair of Beasts.
             The game lasted 00:58:22 (21744 turns).

phantasmist the Hermetic (Coglin Alchemist)        Turns: 21744, Time: 00:58:22

Health: -3/108     AC: 14    Str:  9    XL:     14   Next: 86%
Magic:  26/32      EV: 15    Int: 20    God:    Ashenzari [*****.]
Gold:   1082       SH:  0    Dex: 16    Spells: 13/41 levels left

rFire   + . .        e - +0 sling of Supernal Understanding {flame, Suchat, Cun, Range} (curse)
rCold   . . .        a - +1 sling "Bound Suspicion" {Minjun, Comp, Cun} (curse)
rNeg    . . .        q - +0 acid dragon scales of Ashenzari's Sun {rCorr, Elem, Melee} (curse)
rPois   .            t - +2 helmet "Gnostic Omen" {*Corrode rF+ Int+2, Melee, Fort} (curse)
rElec   +            A - +0 cloak "Sibylline Sorrow" {Cun, Fort} (curse)
rCorr   +            (no gloves)
SInv    +            i - +0 pair of boots of Supernal Knowledge {Self, Elem} (curse)
Will    +++..        (amulet unavailable)
Stlth   ++++         (ring unavailable)
HPRegen 1.18/turn    (ring unavailable)
MPRegen 0.63/turn    F - hyperablative core {rElec Will+ Regen+ RegenMP+}

%: corrode self (3%), clarity
@: enlightened, flying, revving
A: off-hand wielding, slow wielding, warmup strikes, no jewellery
a: Renounce Religion, Curse Item, Shatter the Chains


You were on level 4 of the Lair of Beasts.
You worshipped Ashenzari.
Ashenzari was extremely pleased with you.
You visited 4 branches of the dungeon, and saw 18 of its levels.
You also visited: Bailey.

You collected 1888 gold pieces.
You spent 806 gold pieces at shops.

Inventory:

Hand Weapons
 a - the cursed +1 sling "Bound Suspicion" (offhand) {Minjun, Comp, Cun}
   (You found it on level 7 of the Dungeon)

   It has a curse which improves the following skills: Companions: Summonings
   and Necromancy.
   Cunning:   Dodging and Stealth.
 e - the cursed +0 sling of Supernal Understanding (weapon) {flame, Suchat, Cun, Range}
   (You found it on level 3 of the Dungeon)

   It has a curse which improves the following skills: Cunning: Dodging and
   Stealth.
   Ranged Combat: Ranged Weapons and Throwing.
 s - the +5 short sword "Mesoumno" {pain, rC+}
   (You found it on level 4 of the Dungeon)

   rC+:       It protects you from cold.
 y - a +0 hand cannon
Missiles
 g - 7 curare-tipped darts
 k - 40 poisoned darts
 Z - 2 throwing nets
Armour
 f - a +1 leather armour of willpower
 i - the cursed +0 pair of boots of Supernal Knowledge (worn) {Self, Elem}
   (You found it on level 8 of the Dungeon)

   It has a curse which improves the following skills: Introspection: Fighting
   and Spellcasting.
   Elements:  Fire Magic, Ice Magic, Air Magic and Earth Magic.
 m - a +0 leather armour of fire resistance
 q - the cursed +0 acid dragon scales of Ashenzari's Sun (worn) {rCorr, Elem, Melee}
   (You found it on level 10 of the Dungeon)

   rCorr:     It protects you from acid and corrosion.
   It has a curse which improves the following skills: Elements: Fire Magic, Ice
   Magic, Air Magic and Earth Magic.
   Melee Combat: Short Blades, Long Blades, Axes, Maces & Flails, Polearms,
   Staves and Unarmed Combat.
 t - the cursed +2 helmet "Gnostic Omen" (worn) {*Corrode rF+ Int+2, Melee, Fort}
   (You took it off Robin on level 3 of the Dungeon)

   Int+2:     It affects your intelligence (+2).
   rF+:       It protects you from fire.
   *Corrode:  It may corrode you when you take damage.
   It has a curse which improves the following skills: Melee Combat: Short
   Blades, Long Blades, Axes, Maces & Flails, Polearms, Staves and Unarmed
   Combat.
   Fortitude: Armour and Shields.
 w - a +0 troll leather armour
 z - a +1 pair of boots
 A - the cursed +0 cloak "Sibylline Sorrow" (worn) {Cun, Fort}
   (You found it on level 6 of the Dungeon)

   It has a curse which improves the following skills: Cunning: Dodging and
   Stealth.
   Fortitude: Armour and Shields.
Magical Staves
 c - a staff of air
 v - a staff of alchemy
Gizmo
 F - a hyperablative core (installed) {rElec Will+ Regen+ RegenMP+}
   (You invented it yourself on level 1 of the Lair of Beasts)

   [hyperablative core]

   rElec:     It insulates you from electricity.
   Will+:     It increases your willpower.
   Regen+:    It increases your rate of health regeneration.
   RegenMP+:  It increases your rate of magic regeneration.
Wands
 d - a wand of flame (34)
 o - a wand of mindburst (11)
 p - a wand of iceblast (10)
 u - a wand of charming (32)
 V - a wand of acid (7)
Scrolls
 h - a scroll of fear
 j - 4 scrolls of immolation
 n - 4 scrolls of enchant weapon
 r - 3 scrolls of poison
 x - 2 scrolls of enchant armour
 B - 2 scrolls of fog
 K - 7 scrolls of teleportation
 M - 6 scrolls of blinking
 O - a scroll of revelation
 U - 2 scrolls of amnesia
Potions
 b - 3 potions of attraction
 l - 4 potions of lignification
 C - a potion of invisibility
 D - 3 potions of enlightenment
 E - 3 potions of resistance
 G - 3 potions of haste
 L - 2 potions of might
 P - 2 potions of magic
 S - 5 potions of curing
 T - 3 potions of heal wounds
 X - a potion of cancellation
 Y - 4 potions of mutation


   Skills:
 - Level 7.4(9.6) Fighting
 + Level 8.3(10.5) Ranged Weapons
 + Level 4.4(7.4) Armour
 + Level 6.1(10.2) Dodging
 - Level 4.9(8.9) Stealth
 - Level 11.9(14.0) Spellcasting
 - Level 0.8 Conjurations
 - Level 5.0 Translocations
 - Level 5.0(8.0) Fire Magic
 - Level 2.0(4.3) Air Magic
 - Level 15.0 Alchemy
 - Level 4.0 Evocations


You had 13 spell levels left.
You knew the following spells:

 Your Spells              Type           Power      Damage    Failure   Level
a - Sting                 Conj/Alch      100%       1d9       1%          1
b - Mercury Vapours       Alch/Air       100%       N/A       1%          2
c - Mephitic Cloud        Conj/Alch/Air  40%        N/A       1%          3
d - Olgreb's Toxic Radia  Alch           65%        N/A       1%          4
e - Alistair's Intoxicat  Alch           43%        N/A       1%          5
f - Eringya's Noxious Bo  Alch           32%        4d6       2%          6
v - Sticky Flame          Fire/Alch      56%        2d10      1%          4
A - Apportation           Tloc           68%        N/A       1%          1
B - Blink                 Tloc           68%        N/A       1%          2

Your spell library contained the following spells:

 Spells                   Type           Power      Damage    Failure   Level
 Foxfire                  Conj/Fire      100%       2x1d9     1%          1
 Lesser Beckoning         Tloc           68%        N/A       1%          2
 Momentum Strike          Conj/Tloc      50%        3d9       3%          2
 Swiftness                Air            31%        N/A       3%          3
 Leda's Liquefaction      Alch/Erth      22%        N/A       3%          4
 Petrify                  Alch/Erth      44%        N/A       3%          4
 Magic Dart               Conj           68%        1d6       4%          1
 Summon Small Mammal      Summ           60%        N/A       6%          1
 Call Imp                 Summ           30%        N/A       10%         2
 Ensorcelled Hibernation  Hex/Ice        28%        N/A       10%         2
 Sublimation of Blood     Necr           15%        N/A       10%         2
 Jinxbite                 Hex            28%        N/A       11%         2
 Summon Blazeheart Golem  Fire/Summ      30%        N/A       13%         4
 Call Canine Familiar     Summ           15%        N/A       19%         3
 Dazzling Flash           Conj/Hex       30%        N/A       19%         3
 Passwall                 Erth           15%        N/A       19%         3
 Fireball                 Conj/Fire      15%        3d8       32%         5
 Cause Fear               Hex            7%         N/A       56%         4
 Summon Forest            Summ/Tloc      12%        N/A       56%         5
 Silence                  Hex/Air        11%        N/A       63%         5
 Plasma Beam              Fire/Air       19%        2x1d30    65%         6
 Curse of Agony           Necr           15%        N/A       87%         5
 Starburst                Conj/Fire      15%        6d6       87%         6
 Metabolic Englaciation   Hex/Ice        7%         N/A       88%         5
 Malign Gateway           Summ/Tloc      12%        N/A       100%        7
 Summon Hydra             Summ           7%         N/A       100%        7
 Summon Horrible Things   Summ           7%         N/A       100%        8
 Dragon's Call            Summ           7%         N/A       100%        9


Dungeon Overview and Level Annotations

Branches:
Dungeon (11/15)            Temple (1/1) D:4            Lair (4/5) D:11
  Swamp (0/4) Lair:3        Snake (0/4) Lair:3          Orc (2/2) D:11
    Elf (0/3) Orc:2        Bailey (visited)
  Slime: Lair:4-5

Altars:
Ashenzari
Cheibriados
Dithmenos
Elyvilon
Fedhas
Gozag
Hepliaklqana
Kikubaaqudgha
Makhleb
Nemelex Xobeh
Okawaru
Qazlal
Ru
Sif Muna
Trog
Uskayaw
Vehumet
Wu Jian
Xom
Yredelemnul
Zin
The Shining One
Beogh

Shops:
D:2 !   D:4 =?   D:9 :   Orc:2 :[*(

Portals:
Trove: D:10 (give horn of Geryon)

Annotations:
D:2 exclusion: downstairs
D:7 exclusion: downstairs
D:10 1 runed translucent door, exclusion: door
Lair:2 exclusion: oklob plant
Orc:1 exclusion: downstairs


Innate Abilities, Weirdness & Mutations

You can wield a second weapon in your off-hand.
It takes a long time for you to wield or remove held weapons.
Your first few attacks do less damage.
You cannot equip rings or amulets.


Message History

The ice dragon bites you!
The ice dragon claws you but does no damage.
The ice dragon tramples you but does no damage.
You take 6 damage, and have 58/108 hp.
Casting: Olgreb's Toxic Radiance (safe; 1% risk of failure)
Confirm with . or Enter, or press ? or * to list all spells.
Aiming: Sticky Flame (mildly dangerous; 1% risk of failure)
Press: ? - help, Shift-Dir - straight line, f/p - ice dragon
Aim: an ice dragon (lightly wounded)
The sticky flame hits the ice dragon!!
The ice dragon is burned terribly!
The ice dragon is moderately wounded.
The ice dragon burns!
The ice dragon barely misses you.
The ice dragon claws you but does no damage.
The ice dragon tramples you but does no damage.
You now have 28/32 mp.
Fire: e) +0 sling of Supernal Understanding {flame, Suchat, Cun, Range} (curse)
Press: ? - help, Q - select action, (/) - cycle Shift-Dir - straight line, f/p - ice dragon
Aim: an ice dragon (heavily wounded, covered in liquid flames, 88% to hit)
You shoot a sling bullet. The sling bullet hits the ice dragon.
The ice dragon is heavily wounded.
You shoot a sling bullet.
The sling bullet hits the ice dragon but does no damage.
The ice dragon is heavily wounded.
The ice dragon burns!
The ice dragon bites you!
* * * LOW HITPOINT WARNING * * *
The ice dragon claws you but does no damage.
The ice dragon misses you.
You take 8 damage, and have 51/108 hp.
Casting: Sticky Flame (mildly dangerous; 1% risk of failure)
Confirm with . or Enter, or press ? or * to list all spells.
Aiming: Sticky Flame (mildly dangerous; 1% risk of failure)
Press: ? - help, Shift-Dir - straight line, f - white imp, p - ice dragon
Aim: a white imp The sticky flame hits the white imp!!
The white imp is burned terribly!
You kill the white imp!
The ice dragon burns!
The ice dragon breathes frost at you. The blast of cold hits you!!!
Ouch! That really hurt!
You die...

...........#..~...#.#
.##...~≈..##.~~~~...##
.#?..~~~~..≈~≈≈~~....#
..##.~#.~~~~≈≈≈≈~....#
....≈#######≈≈≈~...^.#
P...~#*∆∆∆$##≈~~..#..#
....~###∆,$~#~≈...#..#
....~≈≈###..##..⌠...##
.....≈≈##...##..@...#
.#..#.~##5####.D....#
#.....~##5.~##≈~~...#
#....~~###..#≈≈≈~.~.#
###..≈≈####≈≈≈≈≈≈≈..##
####≈≈≈≈≈≈###~≈≈≈~...#
....~≈≈~~~≈≈≈#.~~≈...#
...#.≈~..ß≈≈≈#≈≈~...##
.#..###..≈~≈~≈≈~...##


You could see an ice dragon (burning, catching breath).

Vanquished Creatures
  Jorgrun (Orc:2)
  Gastronok (Lair:2)
  2 orc warlords
  3 hydras (Lair:3)
  An ogre mage (Orc:1)
  6 two-headed ogres
  2 boulder beetles
  3 death yaks (Lair:3)
  5 orc high priests (Orc:2)
  Nergalle (Lair:2)
  6 orc knights
  An orc sorcerer (Orc:2)
  2 cyclopes
  An ugly thing (D:10)
  An oklob plant (Lair:3)
  Maurice (D:9)
  3 meliai (D:9)
  Joseph (D:9)
  2 black mambas
  3 kobold blastminers
  11 elephants (Lair:3)
  4 cane toads
  A torpor snail (Lair:2)
  Maggie (D:8)
  A kobold demonologist (D:11)
  8 komodo dragons
  4 trolls
  A polar bear (Lair:2)
  9 blink frogs
  A tyrant leech (Lair:3)
  A shadow (D:11)
  39 yaks
  2 wyverns
  A wraith (D:10)
  4 basilisks
  2 steam dragons
  4 wargs
  9 vampire mosquitoes
  2 nagas (Lair:3)
  2 swamp worms (Lair:3)
  3 water moccasins
  2 acid dragons
  2 black bears (D:4)
  29 orc warriors
  An ice beast (D:5)
  7 ogres
  12 wolves
  3 centaurs
  A phantom (D:5)
  2 kobold brigands (D:9)
  10 bullfrogs
  2 gnoll sergeants
  4 scorpions
  12 killer bees (D:9)
  A howler monkey (D:10)
  A lava snake (D:9)
  12 orc priests
  A hound (D:4)
  A bombardier beetle (D:4)
  2 iguanas
  A gnoll bouda (D:9)
  3 sleepcaps
  Terence (D:3)
  4 hell rats (Lair:1)
  13 orc wizards
  Robin (D:3)
  22 gnolls
  6 adders
  2 shadow imps
  6 white imps
  2 ufetubi (D:6)
  A ribbon worm (D:2)
  40 orcs
  4 bats
  8 endoplasms
  8 giant cockroaches
  20 goblins
  15 hobgoblins
  7 jackals
  A quokka (D:4)
  4 ball pythons
  5 frilled lizards
  19 kobolds
  6 rats
460 creatures vanquished.

Vanquished Creatures (others)
  Blork the orc (D:6)
1 creature vanquished.

Grand Total: 461 creatures vanquished

Notes
Turn   | Place    | Note
-------+----------+-------------------------------------------
     0 | D:1      | phantasmist the Coglin Alchemist began the quest for the
                  | Orb.
     0 | D:1      | Reached XP level 1. HP: 13/13 MP: 3/3
   235 | D:1      | Reached XP level 2. HP: 19/19 MP: 1/5
  1103 | D:1      | Reached XP level 3. HP: 24/24 MP: 5/7
  1106 | D:1      | Learned a level 2 spell: Mercury Vapours
  1110 | D:1      | Learned a level 3 spell: Mephitic Cloud
  1934 | D:2      | Reached skill level 1 in Air Magic
  2197 | D:2      | Found Zanobem's Distillery.
  2206 | D:2      | Bought a potion of curing for 36 gold pieces
  2206 | D:2      | Bought a potion of heal wounds for 60 gold pieces
  2660 | D:3      | Reached XP level 4. HP: 30/30 MP: 4/8
  2729 | D:3      | Noticed Terence
  2736 | D:3      | Killed Terence
  2855 | D:3      | Reached skill level 4 in Alchemy
  2969 | D:3      | Identified the +2 helmet of the Final Knaves {*Corrode rF+
                  | Int+2}
  2969 | D:3      | Noticed Robin
  3078 | D:3      | Killed Robin
  3092 | D:3      | Reached XP level 5. HP: 35/35 MP: 3/9
  3523 | D:3      | Learned a level 4 spell: Olgreb's Toxic Radiance
  3745 | D:4      | Reached skill level 5 in Alchemy
  3855 | D:4      | Noticed a black bear
  3870 | D:4      | Killed a black bear
  3871 | D:4      | Reached skill level 6 in Alchemy
  3871 | D:4      | Reached XP level 6. HP: 37/41 MP: 0/10
  4056 | D:4      | Found Xizuom's Jewellery Boutique.
  4097 | D:4      | Identified the +5 short sword "Mesoumno" {pain, rC+}
  4275 | D:4      | Found an ornate altar of the Wu Jian Council.
  4389 | D:2      | Bought a potion of enlightenment for 60 gold pieces
  4658 | D:4      | Found Guxtass's Magic Scroll Shop.
  4670 | D:4      | Reached skill level 1 in Fighting
  4854 | D:4      | Found a staircase to the Ecumenical Temple.
  4865 | Temple   | Entered the Ecumenical Temple
  4876 | Temple   | Became a worshipper of Ashenzari the Shackled
  4965 | D:5      | Entered Level 5 of the Dungeon
  4965 | D:5      | Noticed a black bear
  4978 | D:4      | Killed a black bear
  4979 | D:4      | Reached XP level 7. HP: 44/50 MP: 2/11
  5231 | D:5      | Reached skill level 7 in Alchemy
  5399 | D:5      | Reached XP level 8. HP: 35/60 MP: 3/13
  5557 | D:5      | Noticed a yak
  5589 | D:5      | Killed a yak
  5826 | D:5      | Learned a level 4 spell: Sticky Flame
  5868 | D:5      | Noticed a yak
  5895 | D:5      | Killed a yak
  5896 | D:5      | Reached skill level 5 in Spellcasting
  6035 | D:5      | Noticed a yak
  6038 | D:5      | Noticed a yak
  6038 | D:5      | Noticed a yak
  6066 | D:5      | Killed a yak
  6067 | D:5      | Reached skill level 1 in Fire Magic
  6273 | D:5      | Killed a yak
  6276 | D:5      | Killed a yak
  6277 | D:5      | Reached skill level 8 in Alchemy
  6281 | D:5      | Reached XP level 9. HP: 65/65 MP: 2/16
  6433 | D:5      | Found a burning altar of Makhleb.
  6437 | D:5      | Found a glowing silver altar of Zin.
  6437 | D:5      | Noticed a balrug
  6438 | D:5      | Noticed an angel
  6502 | D:5      | Found a sparkling altar of Nemelex Xobeh.
  6502 | D:5      | Found a hide-covered altar of Uskayaw.
  6623 | D:4      | Bought a scroll of butterflies for 48 gold pieces
  6623 | D:4      | Bought a scroll of revelation for 90 gold pieces
  7321 | D:6      | Noticed Blork the orc
  7330 | D:6      | Killed Blork the orc
  7331 | D:6      | Reached skill level 9 in Alchemy
  7332 | D:6      | Noticed a two-headed ogre
  7351 | D:6      | Killed a two-headed ogre
  7352 | D:6      | Reached skill level 5 in Fire Magic
  7476 | D:6      | Reached * piety under Ashenzari
  7476 | D:6      | Reached ** piety under Ashenzari
  8259 | D:7      | Noticed a two-headed ogre
  8286 | D:7      | Killed a two-headed ogre
  8287 | D:7      | Reached skill level 5 in Fighting
  8287 | D:7      | Reached skill level 5 in Ranged Weapons
  8287 | D:7      | Reached XP level 10. HP: 75/75 MP: 1/17
  8447 | D:8      | Noticed Maggie
  8490 | D:8      | Reached skill level 1 in Evocations
  8659 | D:8      | Killed Maggie
  9102 | D:8      | Identified Vehumet's Monograph on Striking
  9103 | D:8      | Found a radiant altar of Vehumet.
  9165 | D:8      | Found an ancient bone altar of Kikubaaqudgha.
  9166 | D:8      | Found a shimmering blue altar of Sif Muna.
  9286 | D:9      | Found an opulent altar of Gozag.
  9339 | D:9      | Found a flagged portal.
  9348 | Bailey   | Entered a bailey
  9457 | Bailey   | Noticed an orc warlord
  9559 | Bailey   | Reached *** piety under Ashenzari
  9616 | Bailey   | Found a runed translucent gate.
  9618 | Bailey   | Found a runed translucent gate.
  9620 | Bailey   | Found a runed translucent gate.
  9741 | Bailey   | Killed an orc warlord
  9908 | Bailey   | Reached skill level 11 in Alchemy
  9908 | Bailey   | Reached XP level 11. HP: 84/84 MP: 19/24
  9916 | Bailey   | Learned a level 5 spell: Alistair's Intoxication
  9923 | Bailey   | Learned a level 6 spell: Eringya's Noxious Bog
 10019 | D:9      | Noticed a cyclops
 10208 | D:9      | Killed a cyclops
 10483 | D:9      | Noticed Joseph
 10513 | D:9      | Killed Joseph
 10800 | D:9      | Reached XP level 12. HP: 40/94 MP: 10/25
 11307 | D:9      | Noticed Maurice
 11317 | D:9      | Killed Maurice
 11470 | D:9      | Found Kohum's Tiny Tomes.
 11699 | D:9      | Reached **** piety under Ashenzari
 11699 | D:9      | Reached ***** piety under Ashenzari
 11738 | D:10     | Entered Level 10 of the Dungeon
 11827 | D:10     | Found a shadowy altar of Dithmenos.
 11835 | D:10     | Reached skill level 12 in Alchemy
 12108 | D:10     | Found a portal to a secret trove of treasure.
 12553 | D:10     | Found a runed translucent door.
 12898 | D:11     | Noticed a two-headed ogre
 12908 | D:11     | Killed a two-headed ogre
 13031 | D:11     | Found a staircase to the Orcish Mines.
 13248 | D:11     | Learned a level 2 spell: Blink
 13250 | D:11     | Learned a level 1 spell: Apportation
 13310 | D:11     | Found a staircase to the Lair.
 13441 | D:11     | Reached skill level 1 in Translocations
 13554 | D:11     | Identified a scroll of acquirement
 13605 | D:11     | Acquired a staff of alchemy
 13753 | D:11     | Noticed a boulder beetle
 13759 | D:11     | Killed a boulder beetle
 14216 | Orc:1    | Entered Level 1 of the Orcish Mines
 14300 | D:11     | Reached skill level 1 in Armour
 14300 | D:11     | Reached skill level 13 in Alchemy
 14609 | Orc:1    | Reached XP level 13. HP: 101/101 MP: 19/28
 14828 | Orc:2    | Entered Level 2 of the Orcish Mines
 14828 | Orc:2    | Found Kuituk's Book Shoppe.
 14891 | Orc:2    | Found a staircase to the Elven Halls.
 15009 | Orc:2    | Noticed an orc warlord
 15025 | Orc:1    | Reached skill level 5 in Translocations
 15268 | Orc:2    | Reached skill level 14 in Alchemy
 15279 | Orc:2    | Killed an orc warlord
 15500 | Orc:2    | Found a roughly hewn altar of Beogh.
 15757 | Orc:1    | Reached skill level 15 in Alchemy
 16464 | Orc:2    | Found Cifusa Ukhec's Antique Armour Shoppe.
 16729 | Orc:2    | Found Uboij's General Store.
 16759 | Orc:2    | Reached skill level 10 in Spellcasting
 16851 | Orc:2    | Bought a +1 pair of boots for 149 gold pieces
 16851 | Orc:2    | Bought a wand of mindburst (11) for 200 gold pieces
 16851 | Orc:2    | Bought a wand of acid (3) for 163 gold pieces
 16935 | Orc:2    | Noticed Jorgrun
 16946 | Orc:2    | Killed Jorgrun
 17077 | Orc:2    | Found Kopn's Antique Weapon Emporium.
 17243 | Lair:1   | Entered Level 1 of the Lair of Beasts
 18196 | Lair:1   | Reached XP level 14. HP: 108/108 MP: 25/30
 18303 | Lair:1   | Acquired a hyperablative core {rElec Will+ Regen+ RegenMP+}
 18813 | Lair:2   | Identified the +2 robe of the Endless Expanse {Int+3}
 18840 | Lair:2   | Noticed Gastronok
 18868 | Lair:2   | Killed Gastronok
 19481 | Lair:2   | Noticed Nergalle
 19491 | Lair:2   | Killed Nergalle
 20020 | Lair:3   | Found a staircase to the Snake Pit.
 20224 | Lair:3   | Reached skill level 5 in Dodging
 20900 | Lair:3   | Found a staircase to the Swamp.
 21296 | Lair:4   | Identified the +1 ring mail of Zuechyw {Fly Str+3}
 21744 | Lair:4   | Killed from afar by an ice dragon

Illustrated notes

Levels and vault maps discovered:
D:1:      reono_arrival_mine, layout_basic, minmay_large_rounded_square,
          minmay_tromino_mix6
D:2:      layout_basic, serial_shops, shop
D:3:      layout_rooms, uniq_robin, uniq_terence
D:4:      layout_rooms, nicolae_wu_jian_glorious_leap, temple_fountains,
          serial_shops, shop, shop, minmay_increasing_density
D:5:      layout_cave_pools, grunt_temple_overflow_order_and_chaos_2,
          mainiacjoe_overflow_divided_tiny, kennysheep_windowed_goal
D:6:      layout_rooms, serial_curves, eino_curves_02, eino_curves_01,
          uniq_blork_the_orc
D:7:      layout_loops_ring
D:8:      layout_rooms, grunt_temple_overflow_magic_moments,
          kennysheep_decorative_pillar, uniq_maggie
D:9:      layout_cave_pods, nicolae_gozag_seed_capital, enter_bailey_4,
          minmay_crystal_water, nicolae_shop_i_like_small_books_too,
          grunt_decor_mini_mirrors, kennysheep_generic_room_5, uniq_maurice,
          uniq_joseph
D:10:     layout_basic, lemuel_tele_altar, nicolae_trove_entry_crystal,
          minivault_13
D:11:     layout_roguey, erik_lair_orcish_takeover, orc_0_dummy
Temple:   nicolae_temple_hex_pool
Lair:1:   layout_cave_pods
Lair:2:   layout_cave_pods, serial_bayou_shore_b, lemuel_fruit_fields,
          infiniplex_staircase_pool_2, uniq_gastronok, uniq_nergalle
Lair:3:   layout_chaotic_city, palyth_hydra_swamp_entry,
          minmay_snake_entry_guardpost_large, lemuel_fruit_tree
Lair:4:   layout_misc_corridors, bobbens_ice_dragon_lair
Orc:1:    layout_caves, mines4_lemuel
Orc:2:    grunt_orc_gardens, layout_diamond_mine, grunt_orc_garden,
          grunt_orc_garden, grunt_orc_garden, grunt_orc_garden, basic_altar,
          uniq_jorgrun

Skill      XL: |  1  2  3  4  5  6  7  8  9 10 11 12 13 14 |
---------------+-------------------------------------------+-----
Spellcasting   | 2 3 5 7 8 10 11 | 11.9
Air Magic      | 1 2 |  2.0
Alchemy        | 4 6 7 8 9 11 13 15 | 15.0
Fighting       | 2 4 5 7 |  7.4
Stealth        | 2 3 4 |  4.9
Fire Magic     | 3 5 |  5.0
Ranged Weapons | 5 8 |  8.3
Evocations     | 4 |  4.0
Dodging        | 4 6 |  6.1
Translocations | 3 5 |  5.0
Armour         | 2 4 |  4.4
Conjurations   | |  0.8

Action                     |  1- 3 |  4- 6 |  7- 9 | 10-12 | 13-15 || total
---------------------------+-------+-------+-------+-------+-------++-------
  Melee: Unarmed           |    13 |       |       |       |       ||    13
         Dagger            |     8 |       |       |       |       ||     8
         Short sword       |     2 |       |       |       |       ||     2
   Fire: Sling             |       |   158 |   232 |   476 |   898 ||  1764
  Throw: Dart              |       |       |       |     1 |     6 ||     7
   Cast: Sting             |    82 |    89 |    42 |    14 |       ||   227
         Mercury Vapours   |     1 |     9 |     9 |     4 |     1 ||    24
         Olgreb's Toxic Ra |       |       |    28 |    86 |    92 ||   206
         Mephitic Cloud    |       |       |     3 |     6 |     3 ||    12
         Sticky Flame      |       |       |       |    30 |    32 ||    62
         Alistair's Intoxi |       |       |       |     7 |    10 ||    17
         Blink             |       |       |       |     1 |     1 ||     2
         Eringya's Noxious |       |       |       |       |    41 ||    41
 Invoke: Curse Item        |       |       |     2 |     4 |       ||     6
Ability: Invent Gizmo      |       |       |       |       |     1 ||     1
  Evoke: Wand              |       |       |       |     6 |     2 ||     8
    Use: Scroll            |     5 |     9 |     4 |     2 |       ||    20
         Potion            |       |       |       |     1 |     2 ||     3
 Armour: Robe              |    23 |    51 |    44 |       |       ||   118
         Leather armour    |       |       |    18 |    48 |       ||    66
         Acid dragon scale |       |       |       |    71 |   128 ||   199
  Dodge: Dodged            |    26 |    33 |    55 |   116 |   119 ||   349

Table legend: (Time is in decaauts)
 A = Elapsed time spent in this place.
 B = Non-inter-level travel time spent in this place.
 C = Inter-level travel time spent in this place.
 D = Time resting spent in this place.
 E = Time spent auto-exploring this place.
 F = Levels seen in this place.
 G = Mean time per level.
                   A        B        C        D        E       F      G
               +--------+--------+--------+--------+--------+-----+--------+
         Total |  21930 |  20816 |   1114 |   8443 |   8064 |  19 | 1154.2 |
       Dungeon |  14007 |  13143 |    864 |   5653 |   4854 |  11 | 1273.4 |
        Temple |     22 |      2 |     20 |      0 |      0 |   1 |   22.0 |
          Lair |   4528 |   4396 |    132 |    983 |   2535 |   4 | 1132.0 |
  Orcish Mines |   2786 |   2688 |     98 |   1512 |    675 |   2 | 1393.0 |
        Bailey |    585 |    585 |      0 |    294 |      0 |   1 |  585.0 |
               +--------+--------+--------+--------+--------+-----+--------+

Top non-repeatable levels by time:
     D:9: 1759 daAuts
     D:5: 1640 daAuts
    D:11: 1591 daAuts
     D:3: 1496 daAuts
     D:1: 1443 daAuts
   Orc:1: 1441 daAuts
  Lair:1: 1439 daAuts
   Orc:2: 1345 daAuts
  Lair:2: 1238 daAuts
    D:10: 1181 daAuts
     D:2: 1107 daAuts
  Lair:3: 1065 daAuts
     D:4: 1029 daAuts
     D:8: 955 daAuts
     D:6: 913 daAuts
